 Dungeon Crawl Stone Soup version 0.30.1-11-g7821555f0a (webtiles) character file.

Game seed: 7981001063289760076

8460 ChrisAssaf the Grave Robber (level 11, 0/77 HPs)
             Began as a Demonspawn Necromancer on Dec 14, 2023.
             Was an Initiate of Gozag.
             Engulfed by a cloud of steam (3 damage)
             ... in a bailey on Dec 15, 2023.
             The game lasted 00:48:00 (10704 turns).

ChrisAssaf the Grave Robber (DsNe)                 Turns: 10704, Time: 00:48:01

Health: 0/77       AC:  9    Str: 10    XL:     11   Next: 10%
Magic:  15/21      EV: 13    Int: 19    God:    Gozag
Gold:   1977       SH:  0    Dex: 14    Spells: 4/24 levels left

rFire   . . .        k - +2 short sword (distort)
rCold   . . .        (no shield)
rNeg    . . .        a - +1 robe
rPois   .            (no helmet)
rElec   .            (no cloak)
rCorr   .            (no gloves)
SInv    .            (no boots)
Will    .....        (no amulet)
Stlth   +            n - ring of wizardry
HPRegen 0.32/turn    o - +4 ring of protection
MPRegen 0.17/turn

%: wizardry (x1)
@: confused, ambrosia-drunk, gold aura, very slow
A: claws 2, slimy green scales 1, powered by pain 2, demonic magic 1
a: Renounce Religion, Potion Petition, Call Merchant, Bribe Branch


You were in a bailey.
You worshipped Gozag.
Gozag was most pleased with you.
You visited 1 branch of the dungeon, and saw 10 of its levels.
You also visited: Bailey.

You collected 2012 gold pieces.
You paid 35 gold pieces to Gozag.

Inventory:

Hand Weapons
 c - a +0 club
 k - a +2 short sword of distortion (weapon)
Missiles
 h - 10 boomerangs (quivered)
 i - a curare-tipped dart
 w - 2 silver javelins
Armour
 a - a +1 robe (worn)
Jewellery
 e - a +5 ring of evasion
 n - a ring of wizardry (left claw)
 o - a +4 ring of protection (right claw)
Wands
 r - a wand of flame (15)
 y - a wand of roots (5)
Scrolls
 d - a scroll of immolation
 j - 2 scrolls of poison
 q - a scroll of fog
 t - a scroll of brand weapon
 u - a scroll of teleportation
Potions
 b - 5 potions of heal wounds {unknown}
 f - 2 potions of flight
 g - 9 potions of ambrosia
 l - a potion of degeneration
 p - 5 potions of attraction {unknown}
 s - 4 potions of brilliance
 v - a potion of lignification {unknown}
 z - a potion of might {unknown}
 A - a potion of cancellation {unknown}


   Skills:
 * Level 4.3 Fighting
 * Level 4.2 Short Blades
 * Level 3.7 Throwing
 * Level 4.0 Armour
 * Level 4.4 Dodging
 * Level 5.2 Stealth
 * Level 7.3 Spellcasting
 * Level 3.1 Hexes
 * Level 7.9 Necromancy
 * Level 3.5 Transmutations
 * Level 2.1 Ice Magic
 * Level 4.2 Poison Magic
 * Level 4.0 Evocations


You had 4 spell levels left.
You knew the following spells:

 Your Spells              Type           Power      Damage    Failure   Level
a - Necrotise             Necr           100%       1d9       1%          1
b - Vampiric Draining     Necr           37%        2d8       1%          3
c - Agony                 Necr           37%        N/A       4%          5
d - Sting                 Tmut/Pois      84%        1d7       1%          1
e - Olgreb's Toxic Radia  Pois           23%        N/A       7%          4
f - Tukima's Dance        Hex            19%        N/A       3%          3
g - Frozen Ramparts       Ice            28%        1d5       4%          3

Your spell library contained the following spells:

 Spells                   Type           Power      Damage    Failure   Level
 Freeze                   Ice            56%        1d7       1%          1
 Poisonous Vapours        Pois/Air       30%        N/A       2%          2
 Lesser Beckoning         Tloc           12%        N/A       6%          2
 Portal Projectile        Hex/Tloc       24%        N/A       6%          3
 Hailstorm                Conj/Ice       10%        3d5       8%          3
 Gell's Gravitas          Tloc           6%         N/A       12%         3
 Teleport Other           Tloc           6%         N/A       12%         3
 Blade Hands              Tmut           10%        N/A       26%         5
 Fireball                 Conj/Fire      3%         3d4       69%         5
 Iskenderun's Battlesphe  Conj           6%         2d6       69%         5
 Conjure Ball Lightning   Conj/Air       3%         3x3d6     99%         6
 Orb of Destruction       Conj           3%         9d5       100%        7
 Animate Dead             Necr           Unusable   N/A       N/A         4

Dungeon Overview and Level Annotations

Branches:
Dungeon (10/15)            Temple (0/1) D:7            Lair (0/5) D:8
 Bailey (1/1)
    Orc: D:9-12

Altars:
Cheibriados
Fedhas
Gozag
Hepliaklqana
Kikubaaqudgha
Makhleb
Okawaru
Sif Muna
Uskayaw
Xom
Yredelemnul

Annotations:
D:10 Sonja


Innate Abilities, Weirdness & Mutations

You have very sharp fingernails.
You are partially covered in slimy green scales. (AC +2)
You sometimes gain power by taking damage.
Spells you cast may paralyse adjacent enemies.


Message History

Casting: Olgreb's Toxic Radiance (dangerous; 7% risk of failure)
Confirm with . or Enter, or press ? or * to list all spells.
You begin to radiate toxic energy.
The orc knight looks even sicker.
Malevolent energies surge around you.
The orc warrior looks even sicker.
Unknown command.
The orc knight looks as sick as possible!
Your toxic aura wanes.
The orc knight hits you from afar with a +0 bardiche!!
The orc knight hits you with a +0 bardiche!
The orc warrior closely misses you.
The orc knight hits you with a +0 bardiche!
The orc warrior closely misses you.
The orc knight hits you from afar with a +0 bardiche!
* * * LOW HITPOINT WARNING * * *
The orc knight closely misses you.
The orc warrior splashes around in the water. x2
Aiming: Throw Flame
Press: ? - help, Shift-Dir - straight line, f - orc knight
Aim: an orc knight, wielding a +0 bardiche and wearing a +0 ring mail (heavily wounded, very poisoned, 64% to hit)
The puff of flame misses the orc knight.
The orc knight splashes around in the water.
The orc warrior splashes around in the water.
Aiming: Throw Flame
Press: ? - help, Shift-Dir - straight line, f/p - orc knight
Aim: an orc knight, wielding a +0 bardiche and wearing a +0 ring mail (heavily wounded, very poisoned, 64% to hit)
The puff of flame hits the orc knight.
The orc knight is heavily wounded.
You are engulfed in a cloud of scalding steam.
* * * LOW HITPOINT WARNING * * *
The orc knight hits you with a +0 bardiche.
* * * LOW HITPOINT WARNING * * *
The orc warrior is engulfed in a cloud of scalding steam.
You kill the orc warrior!
You hear a splash. x2
Okay, then.
You are confused.
You feel invigorated.
You are engulfed in a cloud of scalding steam.
You die...
Your body crumbles into a pile of gold.

.....~~~~~~~~##~~#)#'#~~##~~~~~~~
.....~~~~~~~~#~~##.#.##~~#~~~~~~~
.....~~~~~~~##~#########~##~~~~~~
.....~~~~~~~##~'.#?.)#[)~##~~~~~~
.....~~~~~~~##~###.8.###~##~~~~~~
.....~~~~~~~##~'.#...#)'~##~~~~~~
.....~~~~~~~##~####'####~##~~)~~~
.....~~~~~~~~#~~##∩)∩##~~##~~~~~~
.....~~~~~~~~##~@#'''##~~~~~~~~~~
.....~~~~~~~~~##§o§~~##~~~~~~~~~)
.....~≈≈~≈≈≈~~~##§§~~##~~~~≈≈≈~≈≈
.....≈≈#.##≈~~~~#######~~~~≈##.#≈
.....≈##)∩#≈~~~~~~~~~~~~~~~≈#∩.##
.....≈#.)..~~~~~~~~~~~~~~~~~....#
.....≈##.##≈~~~~~~~~~~~~~~~≈##.##
.....≈ ###≈≈~~~~~~~~~~~~~~~≈≈###≈
... ≈≈≈≈~~~~~~~~~~~~~~~~~≈≈≈≈≈


You could see an orc knight (very poisoned).

Vanquished Creatures
  Pikel (D:6)
  Joseph (D:7)
  A queen bee (D:9)
  9 yaks (D:9)
  Eustachio (D:4)
  2 steam dragons
  3 acid dragons (D:9)
  A water moccasin (D:8)
  13 orc warriors
  A sky beast (D:6)
  2 phantoms
  A kobold brigand (D:8)
  6 bullfrogs
  2 scorpions (D:5)
  42 killer bees
  An electric eel (D:9)
  3 howler monkeys
  A crimson imp (D:5)
  3 hounds
  3 jellies
  6 orc priests
  2 iron imps (D:4)
  2 sleepcaps
  3 iguanas
  13 orc wizards
  4 gnolls (D:4)
  7 adders
  3 white imps
  4 ufetubi
  3 worms
  2 dart slugs
  49 orcs
  7 ball pythons
  5 bats
  5 endoplasms
  3 giant cockroaches
  5 goblins
  5 hobgoblins
  12 jackals
  13 kobolds
  2 quokkas (D:4)
  2 frilled lizards (D:3)
  5 rats
259 creatures vanquished.

Vanquished Creatures (collateral kills)
  An iron imp (D:4)
  An adder (D:3)
  A goblin (D:2)
  A frilled lizard (D:1)
4 creatures vanquished.

Vanquished Creatures (others)
  3 dancing weapons
3 creatures vanquished.

Grand Total: 266 creatures vanquished

Notes
Turn   | Place    | Note
-------+----------+-------------------------------------------
     0 | D:1      | ChrisAssaf the Demonspawn Necromancer began the quest for
                  | the Orb.
     0 | D:1      | Reached XP level 1. HP: 13/13 MP: 3/3
    89 | D:1      | Gained mutation: You sometimes gain a little power by
                  | taking damage. [demonic ancestry]
    89 | D:1      | Reached XP level 2. HP: 18/19 MP: 0/5
   338 | D:2      | Reached XP level 3. HP: 19/24 MP: 4/6
   342 | D:2      | Learned a level 3 spell: Vampiric Draining
   363 | D:2      | Reached skill level 1 in Short Blades
   479 | D:3      | Reached skill level 5 in Necromancy
   479 | D:3      | Reached XP level 4. HP: 27/31 MP: 1/7
   487 | D:3      | Found an opulent altar of Gozag.
   508 | D:3      | Reached skill level 1 in Armour
   517 | D:3      | Became a worshipper of Gozag Ym Sagoz the Greedy
   656 | D:3      | Reached XP level 5. HP: 36/36 MP: 1/9
   877 | D:3      | Reached skill level 1 in Fighting
  1451 | D:3      | Learned a level 5 spell: Agony
  1609 | D:2      | Learned a level 1 spell: Sting
  3146 | D:4      | Gained mutation: You have sharp fingernails. [demonic
                  | ancestry]
  3146 | D:4      | Reached XP level 6. HP: 38/43 MP: 5/10
  3389 | D:5      | Entered Level 5 of the Dungeon
  3435 | D:5      | Found a shimmering blue altar of Sif Muna.
  3522 | D:5      | Reached skill level 1 in Throwing
  3522 | D:5      | Gained mutation: Spells you cast may paralyse adjacent
                  | enemies. [demonic ancestry]
  3522 | D:5      | Reached XP level 7. HP: 26/49 MP: 0/12
  3683 | D:5      | Reached skill level 1 in Poison Magic
  3912 | D:5      | Reached skill level 1 in Transmutations
  4031 | D:5      | Learned a level 4 spell: Olgreb's Toxic Radiance
  4416 | D:4      | Found a burning altar of Makhleb.
  4669 | D:4      | Noticed Eustachio
  4677 | D:4      | Killed Eustachio
  4678 | D:4      | Reached skill level 1 in Evocations
  4678 | D:4      | Gained mutation: You sometimes gain power by taking damage.
                  | [demonic ancestry]
  4678 | D:4      | Reached XP level 8. HP: 56/56 MP: 10/14
  4686 | D:4      | Found a blossoming altar of Fedhas.
  4686 | D:4      | Found a basalt altar of Yredelemnul.
  4686 | D:4      | Found an ancient bone altar of Kikubaaqudgha.
  4686 | D:4      | Found a snail-covered altar of Cheibriados.
  4925 | D:6      | Found a hazy altar of Hepliaklqana.
  5249 | D:6      | Noticed Pikel
  5259 | D:6      | Killed Pikel
  5516 | D:6      | Reached skill level 5 in Spellcasting
  5801 | D:7      | Gained mutation: You have very sharp fingernails. [demonic
                  | ancestry]
  5801 | D:7      | Reached XP level 9. HP: 62/62 MP: 11/16
  5883 | D:7      | Learned a level 3 spell: Tukima's Dance
  5918 | D:7      | Found a staircase to the Ecumenical Temple.
  5979 | D:7      | Found a shimmering altar of Xom.
  6509 | D:7      | Noticed Joseph
  6517 | D:7      | Killed Joseph
  6518 | D:7      | Reached skill level 1 in Hexes
  6742 | D:7      | Found a hide-covered altar of Uskayaw.
  7552 | D:8      | Learned a level 3 spell: Frozen Ramparts
  7554 | D:8      | Found a staircase to the Lair.
  8215 | D:9      | Found an iron altar of Okawaru.
  8227 | D:9      | Gained mutation: You are partially covered in slimy green
                  | scales. (AC +2) [demonic ancestry]
  8227 | D:9      | Reached XP level 10. HP: 70/70 MP: 16/19
  8549 | D:9      | Reached skill level 1 in Ice Magic
  8952 | D:9      | Reached skill level 5 in Stealth
  9651 | D:9      | Reached XP level 11. HP: 77/77 MP: 19/21
  9972 | D:10     | Entered Level 10 of the Dungeon
  9972 | D:10     | Noticed a sixfirhy
  9972 | D:10     | Noticed Sonja
  9976 | D:10     | Found a flagged portal.
  9987 | Bailey   | Entered a bailey
 10691 | Bailey   | Found the +3 greatsling "Punk" {acid, rCorr}
 10691 | Bailey   | Noticed an orc knight
 10703 | Bailey   | HP: 3/77 [orc knight/+0 bardiche (5)]
 10704 | Bailey   | Engulfed by a cloud of steam

Illustrated notes

Levels and vault maps discovered:
D:1:      psy_arrival_radial01, layout_basic, minmay_tromino_v7
D:2:      layout_basic
D:3:      layout_basic, mainiacjoe_overflow_cross_hatched
D:4:      layout_rooms, minitemple, demons_altar, elyvilon_altar_5,
          uniq_eustachio
D:5:      layout_cave_pools, mainiacjoe_overflow_boulevard,
          minmay_fire_ice_demons
D:6:      layout_cave_pods, lemuel_coloured_pillars_altar, uniq_pikel
D:7:      layout_gridville, mainiacjoe_overflow_alcove_2,
          nicolae_uskayaw_suspiria, minmay_temple_entry_statues_pillars,
          uniq_joseph
D:8:      layout_basic, lair_entry_dummy
D:9:      layout_grid_maze, mainiacjoe_overflow_tiny_flanked, special_room
          [special_room_bee], serial_bayou_pond_b, grunt_ministairs_1
D:10:     layout_cave_pools, old_standard_altar, erik_orc_2, serial_demonic,
          serial_demonic_g, serial_demonic_d, serial_demonic_f,
          serial_demonic_c, enter_bailey_2, uniq_sonja
Bailey:   bailey_polearm_2, bailey

Skill      XL: |  1  2  3  4  5  6  7  8  9 10 11 |
---------------+----------------------------------+-----
Dodging        | 2 3 4 |  4.4
Short Blades   | 1 2 3 4 |  4.2
Necromancy     | 5 6 7 |  7.9
Armour         | 1 2 3 4 |  4.0
Stealth        | 2 3 4 5 |  5.2
Fighting       | 1 2 3 4 |  4.3
Spellcasting   | 3 4 5 6 7 |  7.3
Throwing       | 1 2 3 |  3.7
Poison Magic   | 1 2 3 4 |  4.2
Transmutations | 1 2 3 |  3.5
Evocations     | 1 2 3 4 |  4.0
Hexes          | 1 3 |  3.1
Ice Magic      | 2 |  2.1

Action                     |  1- 3 |  4- 6 |  7- 9 | 10-12 || total
---------------------------+-------+-------+-------+-------++-------
  Melee: Short sword       |    30 |    63 |   124 |    73 ||   290
         Unarmed           |     1 |       |       |       ||     1
         Dagger            |       |    39 |       |       ||    39
         Punch             |       |       |     2 |       ||     2
  Throw: Boomerang         |       |    36 |    44 |    21 ||   101
   Cast: Necrotise         |    24 |    28 |     9 |    13 ||    74
         Vampiric Draining |     4 |    38 |    32 |    17 ||    91
         Sting             |       |     1 |     6 |       ||     7
         Agony             |       |     1 |       |       ||     1
         Olgreb's Toxic Ra |       |       |    15 |    21 ||    36
         Tukima's Dance    |       |       |     8 |     5 ||    13
  Evoke: Wand              |       |       |     5 |    14 ||    19
    Use: Scroll            |     2 |     8 |     9 |     4 ||    23
         Potion            |       |     3 |     1 |     1 ||     5
   Stab: Sleeping          |     1 |     5 |     2 |     1 ||     9
         Paralysed         |       |       |    17 |    13 ||    30
 Armour: Robe              |     8 |    27 |    30 |    26 ||    91
  Dodge: Dodged            |    25 |   158 |    85 |    81 ||   349
